AoeStats
← Jamb

Arabia

509032832Analyzed
1v1 RM · 8d ago on Sep 25, 2026· 54m 48s· 2 players
Game mode
Random Map
Map size
Tiny (2 player)
Population
200
Speed
Normal
Resources
Standard
Victory
Conquest
Starting age
Dark Age
Ending age
Imperial Age
RankedLock teamsTeams togetherTeam positionsShared explorationLock speedFull tech treeHidden civsTurbo modeCheats
Victory
Defeat
🇨🇳 Magyars · China
901
+41
🇵🇪 Vietnamese · Peru
912
-17
3690186292
6:55 Loom
9:41 Feudal Age
10:07 Double-Bit Axe
12:14 Horse Collar
21:48 Castle Age
20:24 Fletching
21:20 Gold Mining
23:16 Bow Saw
26:09 Stone Mining
26:05 Elite Skirmisher
27:46 Scale Barding Armor
29:00 Wheelbarrow
30:44 Padded Archer Armor
33:51 Corvinian Army
34:55 Hand Cart
35:31 Pikeman
36:36 Bodkin Arrow
37:56 Chain Barding Armor
41:44 Imperial Age
39:46 Leather Archer Armor
40:16 Scale Mail Armor
42:24 Husbandry
42:42 Bracer
44:25 Two-Man Saw
44:08 Conscription
44:04 Bloodlines
44:58 Light Cavalry
48:56 Ring Archer Armor
50:54 Heavy Plow
51:04 Stone Mining
52:04 Plate Barding Armor
53:07 Ballistics
53:55 Chain Mail Armor
54:23 Crop Rotation
53:25 Elite Magyar Huszar
Jamb
6:40 Loom
6:51 Loom
9:17 Feudal Age
17:07 Double-Bit Axe
20:16 Castle Age
20:23 Castle Age
19:29 Fletching
19:40 Padded Archer Armor
22:00 Horse Collar
21:47 Crossbowman
25:52 Bow Saw
25:44 Heavy Plow
27:09 Leather Archer Armor
28:06 Bodkin Arrow
28:03 Town Watch
31:36 Scale Barding Armor
31:42 Forging
34:48 Gold Mining
38:48 Husbandry
42:23 Imperial Age
44:36 Ballistics
45:17 Chemistry
45:56 Elite Skirmisher
46:09 Light Cavalry
46:59 Bloodlines
47:11 Arbalester
50:52 Chain Barding Armor
52:00 Two-Man Saw
51:06 Murder Holes
54:08 Thumb Ring
Connection lost

Rejoining the realm…

Still unreachable

The connection could not be restored.

Session expired

The server has moved on; the page needs a fresh start.